[Event "13 Open de Quenza"]
[Site "Quenza, France"]
[Date "2024.07.07"]
[Round "8.3"]
[White "Fressinet, Laurent"]
[Black "Podvin, Antoine"]
[Result "1/2-1/2"]
[TimeControl "5min+3s/move"]
[WhiteElo "2625"]
[BlackElo "2056"]

1. d4 Nf6 2. Nf3 e6 3. Bg5 b6 4. e4 Be7 5. Nbd2 Bb7 6. Bd3 d6 7. O-O c5 8.
c3 h6 9.
Bh4 Nbd7 10. Qe2 e5 11. dxe5 Nxe5 12. Nxe5 dxe5 13. Bxf6 Bxf6 14. Bb5+ Kf8 15. Rad1 Qc7 16. Nf3 Bc6 17.
Rd2 Ke7 18. Rfd1 Rhd8 19. a4 Rxd2 20. Rxd2 Rd8 21. Rxd8 Kxd8 22. Bxc6 Qxc6 23. Qc4 Ke7 24. g3 h5 25. h4 g6 26.
Kf1 Qe6 27. Nd2 Qh3+ 28. Ke1 g5 29. hxg5 Bxg5 30. Nf3 Bf6 31. Qd5 Qe6 32. Qxe6+ Kxe6 33. Nd2 a6 34. Nc4 b5 35. axb5 axb5 36.
Na3 b4 37. Nc4 h4 38. gxh4 Bxh4 39.
Ke2 f5 40. f3 fxe4 41. fxe4 Bf6 42. Kd3 bxc3 43. bxc3 Kd7 44. Nd2 Kc6 45. Kc4 Bd8 46. Nf3 Bc7 47. Ne1 Bb8 48.
Nf3 Bc7 49. Nh4 Bd6 50. Nf5 Bf8 51.
Kb3 Kb5 52. Kc2 c4 53. Ne3 Bc5 54. Nd5 Bd6 55. Kd2 Ka4 56. Kc2 Kb5 57. Ne3 Bc5 58. Nf5 Bf8 59. Ne3 Bc5 60. Nd5 Bd6 61. Nf6 Kc6 62. Kd2 Kb5 63. Nd5 Ka4 64. Kc2 Kb5 65. Ne3 Bc5 66. Ng4 Bd6 67.
Nh6 Bc7 68. Nf7 Bb8 69. Nd8 Bd6 70.
Nf7 Bb8 71. Ng5 Bd6 72. Ne6 Bb8 73.
Kd2 Bd6 74. Ng7 Bc7 75. Ne8 Bb8 76.
Nf6 Ka4 77. Nd7 Bd6 78. Kc2 Kb5 79. Nf6 Bb8 80. Nd5 Bd6 81. Ne3 Bb8 82. Ng4 Bd6 83. Nf6 Bb8 84. Ne8 Kc5 85.
Ng7 Kb5 86. Nf5 Ka4 87. Ne3 Kb5 88. Nd5 Bd6 1/2-1/2

[Event "13 Open de Quenza"]
[Site "Quenza, France"]
[Date "2024.07.07"]
[Round "8.4"]
[White "Batsiashvili, Nino"]
[Black "Bellahcene, Bilel"]
[Result "0-1"]
[TimeControl "5min+3s/move"]
[WhiteElo "2451"]
[BlackElo "2535"]

1. d4 Nf6 2. c4 e6 3. Nc3 Bb4 4. Nf3 b6 5. e3 Bb7 6. Bd3 Ne4 7. O-O Bxc3 8. bxc3 O-O 9. Ne1 f5 10. f3 Nf6 11. c5 d6 12. cxd6 cxd6 13. Ba3 Re8 14. Qe2 Qc7 15.
Rc1 Nbd7 16. e4 Kh8 17. exf5 exf5 18. Qd2 Nd5 19.
Nc2 Qxc3 20. Qxc3 Nxc3 21. Rce1 Nf6 22. Bxd6 Nxa2 23. Bxf5 Nc3 24. Be5 a5 25. g4 Bc8 26. Bxf6 Bxf5 27. Bxg7+ Kxg7 28. gxf5 Kf6 29. Ne3 b5 30. Kf2 a4 31. Rg1 a3 32. Ng4+ Kxf5 33. Nh6+ Kf6 34. Ng4+ Kg6 35. Ne5+ Kf5 36. h4 Rg8 37. Rg4 a2 38. Reg1 Rxg4 39. fxg4+ Ke4 40. Ra1 Kxd4 41. Nf3+ Kd3 42. g5 Kc2 43. h5 Kb2 0-1

[Event "13 Open de Quenza"]
[Site "Quenza, France"]
[Date "2024.07.07"]
[Round "8.5"]
[White "Yankelevich, Lev"]
[Black "Fedorchuk, Sergey A."]
[Result "0-1"]
[TimeControl "5min+3s/move"]
[WhiteElo "2416"]
[BlackElo "2554"]

1. d4 Nf6 2. Nf3 e6 3. Bg5 h6 4. Bh4 c5 5. e3 b6 6. Nbd2 cxd4 7. exd4 Be7 8. Be2 Ba6 9. O-O O-O 10.
Re1 Bxe2 11. Qxe2 Nc6 12. c3 Nh5 13. Bxe7 Nxe7 14. Nc4 Nf4 15. Qd2 Nfg6 16. Nfe5 d6 17. Nxg6 Nxg6 18. Qe3 b5 19.
Nd2 Qb6 20. Ne4 Rad8 21. Rad1 Ne7 22. Ng3 Qc6 23. a3 Qd5 24. Qd3 Rd7 25. Re4 Ng6 26. Nf1 Qg5 27. Ng3 a6 28. h3 Nf4 29.
Qf3 Ng6 30. Rg4 Qd8 31. Nh5 Kh7 32. Qg3 Qe8 33. Nf4 Nxf4 34. Rxf4 f5 35. Qd3 Qg6 36. Re1 Re7 37. Rf3 e5 38. Rg3 Qf6 39. dxe5 dxe5 40. Rge3 e4 41. Qd5 Re5 42. Qb3 Rd8 43. c4 Rc5 44. Rc3 Rdc8 45. cxb5 Rxc3 46. bxc3 Rxc3 47. Qb4 axb5 48. Qxb5 Rxa3 49. g3 Rf3 50. Qc5 Qg5 51. Kg2 h5 52.
h4 Qg4 53. Re3 Rxe3 54. Qxe3 Kg6 55. Qb6+ Kh7 56. Qe3 Qd1 57.
Qg5 Qf3+ 58. Kg1 Qg4 59.
Qe3 Qf3 60. Qg5 Qd1+ 61. Kg2 Qf3+ 62. Kg1 Qg4 63. Qe3 Kg6 64. Qb6+ Kh7 65. Qe3 Qd1+ 66. Kh2 Qf3 67. Qg5 Qxf2+ 68. Kh1 Qf3+ 69. Kh2 Qe2+ 70. Kg1 Qg4 71. Qe3 Qf3 72.
Qg5 e3 0-1

[Event "13 Open de Quenza"]
[Site "Quenza, France"]
[Date "2024.07.07"]
[Round "8.6"]
[White "Anwesh, Upadhyaya"]
[Black "Maze, Sebastien"]
[Result "0-1"]
[TimeControl "5min+3s/move"]
[WhiteElo "2363"]
[BlackElo "2553"]

1. d4 Nf6 2. c4 g6 3. g3 Bg7 4. Bg2 d6 5.
Nf3 O-O 6. Nc3 Nbd7 7. O-O e5 8.
e4 Re8 9. Re1 exd4 10. Nxd4 Nc5 11.
h3 a5 12. Ndb5 Bd7 13. Kh2 Bc6 14.
Qc2 h5 15. Bg5 Bxb5 16. cxb5 Ng4+ 17. hxg4 Qxg5 18. gxh5 Qxh5+ 19. Kg1 Rac8 20. Rad1 Be5 21. Nd5 c6 22. Nb6 Rcd8 23. bxc6 bxc6 24.
Nc4 Ne6 25. Nxe5 dxe5 26. Rxd8 Rxd8 27. Qxc6 Rd2 28. Qc8+ Kg7 29. Qc3 Qg5 30. Qxa5 Rxb2 31. f4 Nxf4 0-1

[Event "13 Open de Quenza"]
[Site "Quenza, France"]
[Date "2024.07.07"]
[Round "8.7"]
[White "Ternault, Mathieu"]
[Black "Geronimi, Jean-Thomas"]
[Result "1/2-1/2"]
[TimeControl "5min+3s/move"]
[WhiteElo "2332"]
[BlackElo "2065"]

1. d4 f5 2. g3 Nf6 3. Bg2 g6 4. c3 Bg7 5. Nd2 O-O 6. Qb3+ d5 7. h4 h6 8. Nh3 e6 9. Nf3 Ne4 10.
Bf4 c5 11. Be5 c4 12. Qc2 Nc6 13. Nf4 Bxe5 14. Nxe5 Nxe5 15. dxe5 Kg7 16. Bxe4 fxe4 17. e3 Qc7 18. h5 g5 19.
Ng6 Rf3 20. Qa4 Bd7 21. Qa3 Be8 22. O-O-O Bxg6 23. hxg6 Rxf2 24. Rdf1 Raf8 25. Rxf2 Rxf2 26. Qxa7 Kxg6 27. Qa8 Qf7 28.
Rd1 Rf1 29. Qa4 Rxd1+ 30. Qxd1 Qf2 31. Qg4 Qxe3+ 32. Kc2 Qd3+ 33. Kc1 Qf1+ 34. Kc2 Qf2+ 35. Kc1 Qe3+ 36. Kc2 Qf2+ 37. Kc1 1/2-1/2

[Event "13 Open de Quenza"]
[Site "Quenza, France"]
[Date "2024.07.07"]
[Round "8.8"]
[White "Dourerassou, Jonathan"]
[Black "De Seroux, Camille"]
[Result "1-0"]
[TimeControl "5min+3s/move"]
[WhiteElo "2422"]
[BlackElo "2113"]

1. e4 Nc6 2. Nc3 e6 3. Bb5 Nd4 4. Ba4 a6 5. Nf3 Bc5 6. Nxd4 Bxd4 7. Ne2 Ba7 8. d4 b5 9. Bb3 Bb7 10.
Ng3 Qh4 11. Qd3 Nf6 12. f3 c5 13. dxc5 Bxc5 14. Be3 Bxe3 15. Qxe3 O-O 16. O-O d5 17. e5 Nd7 18. Rad1 Rac8 19.
Rd4 Qe7 20. c3 Nc5 21. Bc2 f6 22. exf6 Rxf6 23. Rh4 g6 24. Rg4 Nd7 25. Nh5 Rf7 26. Kh1 Nf6 27. Bxg6 hxg6 28. Rxg6+ Kf8 29.
Nxf6 Rxf6 30. Qh6+ Ke8 31. Rxf6 Kd7 32. Re1 Rc6 33. Qg6 1-0

[Event "13 Open de Quenza"]
[Site "Quenza, France"]
[Date "2024.07.07"]
[Round "8.9"]
[White "Utrera, Ludovic"]
[Black "Travadon, Loic"]
[Result "0-1"]
[TimeControl "5min+3s/move"]
[WhiteElo "2098"]
[BlackElo "2458"]

1. e4 c5 2. Nc3 a6 3. Nge2 b5 4. g3 Bb7 5. Bg2 g6 6. O-O Bg7 7. d4 cxd4 8. Nxd4 Nc6 9. Be3 h5 10.
Qd2 Nf6 11. Nd5 Nxd5 12. exd5 Ne5 13. b3 h4 14. Rfe1 hxg3 15. hxg3 Rc8 16. Re2 Kf8 17. Rae1 d6 18. Bg5 Qb6 19.
c3 Qc5 20. f4 Ng4 21. Bxe7+ Kg8 22. Bg5 Qxc3 23. Qxc3 Rxc3 24. Nc6 Bxc6 25. dxc6 Bd4+ 26. Re3 Nxe3 27. Bh4 Nxg2+ 28. Kxg2 Rxc6 0-1

[Event "13 Open de Quenza"]
[Site "Quenza, France"]
[Date "2024.07.07"]
[Round "8.10"]
[White "Garde, Guillaume"]
[Black "Tomasi, Albert"]
[Result "0-1"]
[TimeControl "5min+3s/move"]
[WhiteElo "2082"]
[BlackElo "2295"]

1. e4 c5 2. Nc3 d6 3. d4 cxd4 4. Qxd4 e5 5. Bb5+ Nd7 6. Qd3 h6 7. Nf3 Ngf6 8. O-O Be7 9. Be3 O-O 10.
Rfd1 Qc7 11. h3 Nc5 12. Bxc5 Qxc5 13. Ba4 Be6 14. Bb3 a6 15. Rd2 b5 16. Nd5 Nxd5 17. Bxd5 Rab8 18. Rad1 Rfc8 19.
Ne1 Bxd5 20. Qxd5 Qb6 21. Qd3 Rc4 22. c3 Rbc8 23. Nc2 Qb7 24. f3 a5 25. Ne3 R4c5 26. Nf5 Rd8 27. Qe2 Bf8 28.
Nxd6 Qb6 29. Nf5 Rxd2 30. Rxd2 Rxc3+ 31. Kh2 Rc1 32. Qe3 Qxe3 33. Nxe3 Bc5 34. Nf5 h5 35. Rd5 Bf2 36. Rxb5 g6 37. Nd6 h4 38. Rb8+ Kh7 39. Nxf7 Bg3# 0-1

[Event "13 Open de Quenza"]
[Site "Quenza, France"]
[Date "2024.07.07"]
[Round "8.11"]
[White "Krivenko, Dion"]
[Black "Ciobanu, Camelia-Adriana"]
[Result "1-0"]
[TimeControl "5min+3s/move"]
[WhiteElo "2290"]
[BlackElo "2093"]

1. e4 e6 2. Qe2 c5 3. Nf3 Nc6 4. g3 d6 5. Bg2 g6 6. h4 h5 7. c3 Bg7 8. O-O Nge7 9. Rd1 Qc7 10. Na3 a6 11. d4 b5 12.
d5 exd5 13. exd5 Ne5 14. Nxe5 Bxe5 15.
Bg5 Bg4 16. f3 Bf5 17. Kh2 Ra7 18. Re1 Kf8 19. Rad1 Kg7 20. Qd2 Ng8 21. Nc2 Bxc2 22. Qxc2 b4 23. f4 Bf6 24. Re8 Qd7 25.
Rde1 Nh6 26. Bxf6+ Kxf6 27. Rxh8 Ng4+ 28. Kg1 Qf5 29. Qxf5+ Kxf5 30. Bh3 bxc3 31. bxc3 Rb7 32. Rf8 f6 33. Rfe8 Rb2 34. R8e2 Rb7 35. Kg2 a5 36. Rd2 a4 37. Ree2 a3 38. Rc2 Rb1 39. Kf3 Ra1 40. Bxg4+ hxg4+ 41. Ke3 Rg1 42. Rg2 Re1+ 43. Kd3 Rb1 44.
Kc4 Ke4 45. Rgf2 Re1 46. Rce2 Rxe2 47. Rxe2 Kf3 48. Re6 Kxg3 49. Rxf6 Kf2 50. Rxg6 g3 51. f5 g2 52. f6 g1=Q 53. Rxg1 Kxg1 54. f7 Kh2 55.
f8=Q Kh3 56. Kb3 c4+ 57.
Kxa3 Kxh4 58. Kb4 Kg4 59. Kxc4 Kg3 60. Kd4 Kg4 61. Ke4 Kg5 62. Qg7+ Kh4 63. Kf4 1-0

[Event "13 Open de Quenza"]
[Site "Quenza, France"]
[Date "2024.07.07"]
[Round "8.12"]
[White "Kuru, Atilla"]
[Black "Deladerriere, Apollo"]
[Result "1-0"]
[TimeControl "5min+3s/move"]
[WhiteElo "2372"]
[BlackElo "2063"]

1. c4 c6 2. Nf3 d5 3.
e3 Nf6 4. Nc3 Bg4 5. Qb3 Bc8 6. d4 e6 7. Bd3 Bd6 8. e4 dxe4 9. Nxe4 Nxe4 10. Bxe4 Nd7 11. O-O h6 12. Re1 O-O 13.
Bc2 Nf6 14. h3 Qc7 15. c5 Bf4 16.
Ne5 Bxe5 17. dxe5 Nd5 18. Qg3 Kh8 19. Qh4 Qe7 20. Qh5 f5 21. exf6 Nxf6 22. Qe5 b6 23. Be3 Nd5 24. Qe4 Nf6 25. Qxc6 Bb7 26. Qb5 Rac8 27.
b4 Qc7 28. Bd4 a6 29. Qe2 Qc6 30. f3 bxc5 31. Bxc5 Rfe8 32. Bg6 Red8 33. Qxe6 Qb5 34. a4 Qc6 35. Be7 Rd2 36. Qxc6 Bxc6 37. Rac1 Nd5 38. b5 axb5 39.
axb5 Bb7 40. Rxc8+ Bxc8 41. Bg5 Bd7 42. Bxd2 1-0

[Event "13 Open de Quenza"]
[Site "Quenza, France"]
[Date "2024.07.07"]
[Round "9.1"]
[White "Anand, Viswanathan"]
[Black "Bellahcene, Bilel"]
[Result "1-0"]
[TimeControl "5min+3s/move"]
[WhiteElo "2751"]
[BlackElo "2535"]

1. e4 c5 2. Nf3 Nc6 3. d4 cxd4 4. Nxd4 Nf6 5. Nc3 e6 6. Ndb5 Bc5 7. Bf4 O-O 8. Bc7 Qe7 9.
Bd6 Bxd6 10. Qxd6 Qd8 11. O-O-O a6 12. Nd4 Ne7 13. Nf3 Ne8 14. Qg3 b5 15. e5 Bb7 16. Bd3 f5 17. exf6 Nxf6 18. Ng5 Qe8 19. Qh3 h6 20. Nge4 Nxe4 21.
Nxe4 Nd5 22. Nd6 Qb8 23. Nxb7 Qxb7 24. Be4 Rxf2 25. Rhf1 Rxf1 26. Rxf1 Qc7 27. Qf3 Qd6 28. Qf7+ Kh8 29. Qg6 1-0

[Event "13 Open de Quenza"]
[Site "Quenza, France"]
[Date "2024.07.07"]
[Round "9.2"]
[White "Maze, Sebastien"]
[Black "Lagarde, Maxime"]
[Result "1/2-1/2"]
[TimeControl "5min+3s/move"]
[WhiteElo "2553"]
[BlackElo "2608"]

1. e4 e5 2. Nf3 Nc6 3. Bb5 Nf6 4. O-O Nxe4 5. Re1 Nd6 6. Nxe5 Nxe5 7. Rxe5+ Be7 8. Bf1 O-O 9. d4 Bf6 10.
Re1 Re8 11. Rxe8+ Nxe8 12. c3 d5 13. Bf4 c6 14. Bd3 Nd6 15. Nd2 Bf5 16. Bxf5 Nxf5 17. Qc2 g6 18. Re1 Qd7 19. Nf3 Re8 20.
Qd1 Rxe1+ 21. Qxe1 Qe7 22. Qxe7 Bxe7 23. g4 Ng7 24. Kf1 Ne6 25. Be5 f6 26. Bb8 a6 27. Ne1 Kf7 28. Nd3 g5 29.
h3 Kg6 30. f4 gxf4 31. Nxf4+ Nxf4 32. Bxf4 f5 33. Ke2 fxg4 34. hxg4 h6 35. b3 Bg5 36. Be5 Kf7 37. Kd3 Ke6 38.
a4 b5 39. axb5 axb5 40. Bg3 Kd7 41. Be5 Ke6 42. Bg3 Kd7 43.
Be5 Ke6 44. Bg3 Kd7 45. Be5 1/2-1/2

[Event "13 Open de Quenza"]
[Site "Quenza, France"]
[Date "2024.07.07"]
[Round "9.3"]
[White "Fedorchuk, Sergey A."]
[Black "Dourerassou, Jonathan"]
[Result "1-0"]
[TimeControl "5min+3s/move"]
[WhiteElo "2554"]
[BlackElo "2422"]

1. e4 c5 2. Nf3 e6 3. d4 cxd4 4. Nxd4 Nf6 5. Nd2 Nc6 6. Nxc6 dxc6 7. Bd3 e5 8. a4 Bg4 9. Nf3 Qc7 10.
h3 Bh5 11. Qe2 h6 12. Bd2 Bc5 13. b4 Bd6 14. Qe3 Bg6 15. Nh4 Bh7 16. Qf3 Qe7 17. b5 Bb4 18. c3 Bc5 19. Nf5 Bxf5 20.
Qxf5 Rd8 21. Qf3 Qd6 22. Ke2 Bxf2 23.
Rad1 Bc5 24. Bc4 Qe7 25. g4 Nh7 26. h4 Nf8 27. Rhf1 Ne6 28. Qf5 O-O 29. g5 g6 30. Qxe5 Bd6 31.
Qf6 Qxf6 32. Rxf6 Be5 33. Rf3 hxg5 34. hxg5 Rfe8 35. Rdf1 Rd7 36. Bc1 Bg7 37. a5 Nd8 38. Re3 Re5 39.
bxc6 Nxc6 40. a6 bxa6 41. Bd5 Nd8 42. c4 Rxg5 43. Rb3 Rg2+ 44. Kf3 Rh2 45. Rb8 Kh7 46. Bf4 Rh5 47. Rfb1 Ne6 48. Bxe6 fxe6 49. R1b7 Rxb7 50. Rxb7 Kg8 51. Rxa7 Ra5 52. Ra8+ Kf7 53. Ra7+ Kg8 54. Ra8+ Kh7 55. Ra7 g5 56. Bd6 Kg6 57. c5 Bd4 58. c6 g4+ 59. Kxg4 Ra4 60. c7 Rc4 61. Ra8 1-0

[Event "13 Open de Quenza"]
[Site "Quenza, France"]
[Date "2024.07.07"]
[Round "9.4"]
[White "Pieri, Pierre-Louis"]
[Black "Fressinet, Laurent"]
[Result "0-1"]
[TimeControl "5min+3s/move"]
[WhiteElo "2190"]
[BlackElo "2625"]

1. e4 e5 2. Bc4 Nf6 3.
d3 Bc5 4. Nc3 c6 5. Nf3 d6 6. O-O a5 7. a4 O-O 8. Be3 Nbd7 9. Ba2 h6 10. Re1 Re8 11. h3 Bb4 12. Nh2 Nf8 13.
Ng4 Nxg4 14. hxg4 Be6 15. g3 d5 16. Bd2 f6 17. Kg2 Qd7 18. f3 Rad8 19. Qe2 Qf7 20. Bb3 Bxc3 21. bxc3 dxe4 22. Qxe4 Bxb3 23. cxb3 Qxb3 24. Kf2 Qf7 25.
Rab1 Ne6 26. Qc4 Rd7 27. Rb6 Red8 28.
d4 Rd5 29. Qb3 R8d7 30. Bc1 exd4 31. c4 Re5 32. Rd1 Nc5 33. Qa3 Qxc4 34. Rb2 Rde7 35. Bf4 Re2+ 36. Rxe2 Qxe2+ 0-1

[Event "13 Open de Quenza"]
[Site "Quenza, France"]
[Date "2024.07.07"]
[Round "9.5"]
[White "Podvin, Antoine"]
[Black "Maurizzi, Marc Andria"]
[Result "0-1"]
[TimeControl "5min+3s/move"]
[WhiteElo "2056"]
[BlackElo "2620"]

1. d4 Nf6 2. Nc3 e6 3.
e4 d5 4. e5 Nfd7 5. f4 c5 6. Nf3 Nc6 7. Ne2 a5 8. c3 a4 9. a3 Qa5 10. g3 b6 11. Bh3 Qb5 12. O-O Ba6 13. Rf2 Qb3 14. Qd2 g6 15. g4 Bh6 16. Qe1 O-O-O 17. Ng3 Kb7 18. Kh1 Bd3 19. Bf1 Bxf1 20. Qxf1 Qc4 21. Qxc4 dxc4 22. Be3 cxd4 23. cxd4 b5 24. Ne4 Kc7 25.
Rd1 Nb6 26. Nd6 Nd5 27. Bd2 Rxd6 28. exd6+ Kxd6 29. g5 Bg7 30.
Bc1 Nce7 31. Ne5 Rf8 32. Bd2 Nf5 33. Bb4+ Nxb4 34. axb4 Ne3 35. Rdd2 Nd5 36. Rf3 h6 37. h4 Nxb4 38. Rh3 h5 39.
Kg2 Nd5 40. Kf3 Ke7 41. Ke4 Rc8 42. Rg3 b4 43. Rc2 c3 44. bxc3 b3 45. Rb2 Nxc3+ 46. Kd3 Nd5 47. Ke4 Nc3+ 48. Kd3 Nb5 0-1

[Event "13 Open de Quenza"]
[Site "Quenza, France"]
[Date "2024.07.07"]
[Round "9.6"]
[White "Travadon, Loic"]
[Black "Kuru, Atilla"]
[Result "1-0"]
[TimeControl "5min+3s/move"]
[WhiteElo "2458"]
[BlackElo "2372"]

1. e4 e6 2. d3 c5 3. Nf3 d5 4. Nbd2 Nc6 5. g3 Nf6 6. Bg2 Bd6 7.
O-O O-O 8. Re1 e5 9. exd5 Nxd5 10. a4 Re8 11. Nc4 Bc7 12. Bg5 f6 13. Bd2 Be6 14. a5 Qd7 15. c3 b5 16. axb6 axb6 17. Rxa8 Rxa8 18. Qc2 b5 19.
Ne3 Nde7 20. Bc1 Bb6 21. Nd2 Rd8 22. Ne4 Qxd3 23. Qxd3 Rxd3 24. Bf1 Rd8 25. Bxb5 Na5 26.
Nd2 Bc7 27. Nec4 Rb8 28. Na3 Nf5 29. Ne4 Nb3 30. Bc4 Bxc4 31. Nxc4 Rd8 32. Bd2 Kf7 33. f3 h5 34. Kf2 Rd3 35.
Ke2 Rd8 36. Be3 Nxe3 37. Nxe3 Ke6 38. Rd1 Ra8 39. Kd3 f5 40. Ng5+ Kf6 41. h4 Bd8 42. Kc2 Na5 43. Rd6+ Ke7 44.
Nxf5+ Ke8 45. Nxg7+ Ke7 46. Nf5+ Ke8 47. Ne3 Be7 48. Re6 Kd7 49. Rxe5 Nc6 50. Rd5+ Kc7 51. Nf5 Bf8 52. g4 hxg4 1-0

[Event "13 Open de Quenza"]
[Site "Quenza, France"]
[Date "2024.07.07"]
[Round "9.7"]
[White "Relange, Eloi"]
[Black "Krivenko, Dion"]
[Result "1/2-1/2"]
[TimeControl "5min+3s/move"]
[WhiteElo "2440"]
[BlackElo "2290"]

1. d4 Nf6 2. c4 g6 3. Nc3 Bg7 4. e4 d6 5. Nf3 O-O 6.
Be2 e5 7. Be3 Ng4 8. Bg5 f6 9. Bc1 Nh6 10. O-O Nc6 11. c5 Nf7 12. cxd6 cxd6 13. Be3 f5 14. dxe5 dxe5 15. Bc5 Re8 16.
Qxd8 Nfxd8 17. Rfd1 Ne6 18. Bc4 Kh8 19. Ba3 Ncd4 20. Nxd4 Nxd4 21. Nb5 Be6 22. Bxe6 Nxe6 23. Nd6 Nd4 24. Nxe8 Rxe8 25. Bc5 b6 26. Bxd4 exd4 27. exf5 gxf5 28. Re1 Rd8 29. Re7 d3 30. Rd1 Bxb2 31. Kf1 a5 32. Re3 d2 33. Rb3 Bc1 34. Rxb6 a4 35. Rb5 a3 36. Rxf5 Rc8 37. Rf7 Rc2 38. Ra7 Rxa2 39.
Ke2 Rc2 40. Kd3 Rc8 41. f4 Rd8+ 42.
Ke2 Re8+ 43. Kf2 Re4 44. g3 Kg8 45. Kf3 Re1 46. Rxd2 Bxd2 47.
Rxa3 Bb4 48. Ra7 Rf1+ 49. Kg4 Rf2 50. h4 Rg2 51. Kf3 Rg1 52. g4 Rh1 53. h5 Rf1+ 54. Ke4 Rc1 55. Ra8+ Kf7 56. Ra7+ Kg8 57. Ra8+ Bf8 58. g5 Rc4+ 59. Kf5 Rc5+ 60. Kg4 Rc6 61. h6 Rc1 62. Kf5 Rc5+ 63.
Ke4 Rc4+ 64. Ke5 Rc5+ 65. Kd4 Rb5 66. Ke4 Rb4+ 67. Kf3 Rb3+ 68. Kg4 Rb4 69.
Rc8 Ra4 70. Rb8 Rc4 71. Kf5 Rc5+ 72. Ke6 Rc6+ 73. Kd5 Ra6 74.
f5 Ra5+ 75. Ke4 Ra4+ 76. Kf3 Ra3+ 77. Kg4 Ra4+ 78. Kh5 Ra5 79. Kg4 Ra4+ 80. Kf3 Ra5 81. Ke4 Ra4+ 82. Kf3 Ra5 83.
Ke4 Ra4+ 84. Kf3 1/2-1/2

[Event "13 Open de Quenza"]
[Site "Quenza, France"]
[Date "2024.07.07"]
[Round "9.8"]
[White "Tomasi, Albert"]
[Black "Geronimi, Jean-Thomas"]
[Result "1-0"]
[TimeControl "5min+3s/move"]
[WhiteElo "2295"]
[BlackElo "2065"]

1. e4 c5 2. Nf3 d6 3. d4 cxd4 4. Nxd4 Nf6 5.
Nc3 a6 6. g3 e5 7. Nde2 Be7 8.
Bg2 O-O 9. O-O b5 10. Nd5 Nxd5 11. Qxd5 Ra7 12. Be3 Bb7 13. Qd2 Ra8 14. a4 Nd7 15. axb5 axb5 16. Nc3 b4 17. Nd5 Bxd5 18.
Qxd5 Rxa1 19. Rxa1 Qc7 20. Ra7 Qc8 21. Bh3 Nf6 22. Bxc8 Nxd5 23. exd5 Rxc8 24. Rxe7 Kf8 25. Rb7 Rxc2 26. Rxb4 h6 27. h4 f5 28. Rb7 Rc4 29. b3 Rc3 30.
b4 Rd3 31. Rb5 Ke7 32. Kf1 e4 33. Ke2 Kd7 34. Rb7+ Kc8 35. Rxg7 Rxd5 36. Bxh6 Rd4 37. Bd2 Rc4 38. h5 d5 39. h6 1-0

[Event "13 Open de Quenza"]
[Site "Quenza, France"]
[Date "2024.07.07"]
[Round "9.9"]
[White "Glek, Igor"]
[Black "Roux, Baptiste"]
[Result "0-1"]
[TimeControl "5min+3s/move"]
[WhiteElo "2396"]
[BlackElo "2352"]

1. e4 c5 2. Nf3 e6 3. d3 Nc6 4.
g3 d5 5. Qe2 Be7 6. Bg2 Nf6 7. O-O O-O 8. e5 Nd7 9.
c4 f6 10. exf6 Nxf6 11. Na3 Bd7 12. Bf4 a6 13. Nc2 Nh5 14. Be3 b5 15. b3 g6 16. Bh6 Ng7 17. Rad1 Rf7 18. h4 Nf5 19.
Bg5 h6 20. Bxe7 Rxe7 21. Ne5 Be8 22.
Rfe1 Raa7 23. Nxc6 Bxc6 24. d4 bxc4 25. bxc4 Qa5 26. dxc5 Qxc5 27. Ne3 dxc4 28. Bxc6 Qxc6 29. Nxc4 Qc5 30.
Ne5 Kh7 31. h5 gxh5 32. Nd3 Qb6 33. Nf4 Rg7 34. Kh2 h4 35. g4 Qc7 36. Qe5 Qxe5 37. Rxe5 Rxg4 38. Nxe6 Rf7 39. Rd8 Ne7 40. Nf8+ Kg7 41. f3 0-1

[Event "13 Open de Quenza"]
[Site "Quenza, France"]
[Date "2024.07.07"]
[Round "9.10"]
[White "Rosol, Philip"]
[Black "Yankelevich, Lev"]
[Result "0-1"]
[TimeControl "5min+3s/move"]
[WhiteElo "2150"]
[BlackElo "2416"]

1. d4 Nf6 2. c4 e6 3. Nf3 Bb4+ 4.
Bd2 Qe7 5. a3 Bxd2+ 6. Nbxd2 d6 7.
e4 e5 8.
d5 O-O 9. Bd3 Nh5 10. O-O Nf4 11. Bc2 Qf6 12. Kh1 Qg6 13. Rg1 Nd7 14. Nf1 Nf6 15. Ng3 Bg4 16. Qd2 Qh6 17. Qe3 Bd7 18.
Nf5 Bxf5 19. exf5 Rfe8 20. b4 Ng4 21. Qd2 e4 22. Bxe4 Rxe4 23. Rae1 Nd3 0-1

[Event "13 Open de Quenza"]
[Site "Quenza, France"]
[Date "2024.07.07"]
[Round "9.11"]
[White "Daulet, Alikhan"]
[Black "Anwesh, Upadhyaya"]
[Result "0-1"]
[TimeControl "5min+3s/move"]
[WhiteElo "1922"]
[BlackElo "2363"]

1. d4 d5 2. c4 e6 3. Nc3 Nf6 4. Bg5 c6 5. Nf3 dxc4 6. e4 b5 7. e5 h6 8. Bh4 g5 9. Nxg5 hxg5 10. Bxg5 Nbd7 11. g3 Qa5 12. exf6 Ba6 13. Bg2 b4 14.
Ne4 c3 15. Qc1 e5 16. bxc3 bxc3 17.
Be3 Ba3 18. Qc2 Rb8 19. Kd1 Rb2 20. Qxc3 Qa4+ 21. Ke1 Re2+ 22. Kf1 Rxe3+ 23. Kg1 Rxc3 24. Nxc3 Qxd4 25. Rd1 Qxc3 26. h4 Bc5 27. h5 Bxf2+ 28. Kxf2 Qc2+ 29. Ke3 Qe2# 30. Kd4 0-1

[Event "13 Open de Quenza"]
[Site "Quenza, France"]
[Date "2024.07.07"]
[Round "9.12"]
[White "Stoenescu, Radu"]
[Black "Mullon, Jean-Baptiste"]
[Result "1-0"]
[TimeControl "5min+3s/move"]
[WhiteElo "2009"]
[BlackElo "2315"]

1. e4 c5 2. Nf3 e6 3. d4 cxd4 4. Nxd4 a6 5. Nc3 b5 6.
a3 Bb7 7. g3 Qc7 8. Bg2 Nf6 9. O-O d6 10.
f4 Nc6 11. Nb3 Be7 12. Be3 Rc8 13. g4 Nd7 14. Qf3 Nb6 15. Rad1 Nc4 16. Bc1 Rb8 17. g5 h6 18. Qh5 g6 19. Qh3 Bc8 20. f5 N6e5 21.
Nd4 Qd7 22. fxe6 fxe6 23. gxh6 g5 24. Qh5+ Kd8 25. b3 Nb6 26. Bxg5 Kc7 27. Bxe7 Qxe7 28. Ndxb5+ axb5 29. Nxb5+ Kc6 30. Rxd6+ Kxb5 31. Qxe5+ Ka6 32. Rxb6+ Rxb6 33. Qxh8 Bb7 34. Qg7 Qc5+ 35. Kh1 1-0